| TOP OF THE 1ST |
|
Chicago White Sox batting - Pitching for Toronto Blue Jays : LHP Thomas Linnert
|
|
Pitching: LHP Thomas Linnert
|
|
|
Batting: SHB Ozzie Smith
|
0-0: Ball 1-0: Foul Ball, location: 2F 1-1: SINGLE (Line Drive, 78S, EV 110.0 MPH)
|
|
Batting: LHB Rudy Law
|
0-0: Called Strike 0-1: Swinging Strike 0-2: SINGLE (Line Drive, 34, EV 109.4 MPH) Ozzie Smith to second
|
|
Batting: RHB Steve Henderson
|
0-0: TRIPLE (Flyball, 89XD, EV 109.4 MPH) Ozzie Smith scores Rudy Law scores
|
|
Batting: RHB Jim Wynn
|
0-0: Called Strike 0-1: Ball 1-1: Called Strike 1-2: Ground out 5-3 (Groundball, 5, EV 96.9 MPH)
|
|
Batting: SHB Dwayne Taggart
|
0-0: Fly out, F6 (Popup, 56D, EV 70.6 MPH)
|
|
Batting: RHB Tim Teufel
|
0-0: Swinging Strike 0-1: Ball 1-1: Foul Ball, location: 2F 1-2: Ball 2-2: Strikes out swinging
|
| Top of the 1st over - 2 runs, 3 hits, 0 errors, 1 left on base; Chicago 2 - Toronto 0 |
| BOTTOM OF THE 1ST |
|
Toronto Blue Jays batting - Pitching for Chicago White Sox : LHP Douglas Nelson
|
|
Pitching: LHP Douglas Nelson
|
|
|
Batting: LHB Milt Thompson
|
0-0: Ball 1-0: Foul Ball, location: 2F 1-1: Ball 2-1: Foul Ball, location: 2F 2-2: Foul Ball, location: 2F 2-2: Foul Ball, location: 2F 2-2: Foul Ball, location: 2F 2-2: Ground out U3 (Groundball, 3, EV 83.8 MPH)
|
|
Batting: RHB Jose Gonzalez
|
0-0: Called Strike 0-1: Ground out 6-3 (Groundball, 6D, EV 111.3 MPH)
|
|
Batting: LHB Sheldon Mallory
|
0-0: Ball 1-0: Ball 2-0: Called Strike 2-1: Foul Ball, location: 2F 2-2: Foul Ball, location: 2F 2-2: Strikes out swinging
|
| Bottom of the 1st over - 0 runs, 0 hits, 0 errors, 0 left on base; Chicago 2 - Toronto 0 |
| TOP OF THE 2ND |
|
Chicago White Sox batting - Pitching for Toronto Blue Jays : LHP Thomas Linnert
|
|
Batting: LHB Ryan MacFarland
|
0-0: Swinging Strike 0-1: Ball 1-1: Ball 2-1: Ball 3-1: Fly out, F2 (Popup, 2LF, EV 94.4 MPH)
|
|
Batting: RHB Jose Castro
|
0-0: Ball 1-0: Called Strike 1-1: Ball 2-1: Foul Ball, location: 2F 2-2: Ball 3-2: Foul Ball, location: 2F 3-2: Ground out 1-3 (Groundball, 13, EV 66.3 MPH)
|
|
Batting: RHB Brian Harper
|
0-0: Ground out 3-1 (Groundball, 34S, EV 63.8 MPH)
|
| Top of the 2nd over - 0 runs, 0 hits, 0 errors, 0 left on base; Chicago 2 - Toronto 0 |
| BOTTOM OF THE 2ND |
|
Toronto Blue Jays batting - Pitching for Chicago White Sox : LHP Douglas Nelson
|
|
Batting: RHB Juan Monasterio
|
0-0: Called Strike 0-1: Ball 1-1: DOUBLE (Line Drive, 89M, EV 91.9 MPH)
|
|
Batting: RHB Andres Galarraga
|
0-0: Fly out, F7 (Flyball, 7LM, EV 90.6 MPH)
|
|
Batting: RHB Hubie Brooks
|
0-0: Ball 1-0: SINGLE (Flyball, 9S, EV 93.8 MPH) Juan Monasterio to third Runner from 3rd tries for Home, throw by RF and OUT! 9-2 Hubie Brooks to second
|
|
Batting: RHB Cal Ripken
|
0-0: Called Strike 0-1: Ground out 6-3 (Groundball, 6, EV 86.9 MPH)
|
| Bottom of the 2nd over - 0 runs, 2 hits, 0 errors, 1 left on base; Chicago 2 - Toronto 0 |
| TOP OF THE 3RD |
|
Chicago White Sox batting - Pitching for Toronto Blue Jays : LHP Thomas Linnert
|
|
Batting: SHB Ozzie Smith
|
0-0: Ball 1-0: Ball 2-0: Swinging Strike 2-1: Ball 3-1: Ground out 5-3 (Groundball, 56, EV 98.8 MPH)
|
|
Batting: LHB Rudy Law
|
0-0: Ball 1-0: Called Strike 1-1: Fly out, F6 (Line Drive, 6, EV 73.8 MPH)
|
|
Batting: RHB Steve Henderson
|
0-0: Called Strike 0-1: Ball 1-1: Ball 2-1: SINGLE (Line Drive, 9S, EV 86.3 MPH)
|
|
Batting: RHB Jim Wynn
|
0-0: Ball 1-0: Ball 2-0: Ball 3-0: Called Strike 3-1: Base on Balls Steve Henderson to second
|
|
Batting: SHB Dwayne Taggart
|
0-0: Foul Ball, location: 2F 0-1: Ball 1-1: Called Strike 1-2: Foul Ball, location: 2F 1-2: Foul Ball, location: 2F 1-2: Strikes out swinging
|
| Top of the 3rd over - 0 runs, 1 hit, 0 errors, 2 left on base; Chicago 2 - Toronto 0 |
| BOTTOM OF THE 3RD |
|
Toronto Blue Jays batting - Pitching for Chicago White Sox : LHP Douglas Nelson
|
|
Batting: RHB Fritzie Connally
|
0-0: Ball 1-0: SOLO HOME RUN (Flyball, 78XD, EV 112.5 MPH), Distance : 423 ft
|
|
Batting: RHB Jose Carrillo
|
0-0: Ball 1-0: Ball 2-0: Foul Ball, location: 2F 2-1: Ball 3-1: Base on Balls
|
|
Batting: LHB Milt Thompson
|
0-0: Ball 1-0: Called Strike 1-1: Foul Ball, location: 2F 1-2: Strikes out swinging
|
|
Batting: RHB Jose Gonzalez
|
0-0: Ball 1-0: Called Strike 1-1: Ball 2-1: Swinging Strike 2-2: Foul Ball, location: 2F 2-2: Fly out, F7 (Flyball, 7, EV 89.4 MPH)
|
|
Batting: LHB Sheldon Mallory
|
0-0: Called Strike 0-1: Ball 1-1: Foul Ball, location: 2F 1-2: Ball 2-2: Ball 3-2: Strikes out swinging
|
| Bottom of the 3rd over - 1 run, 1 hit, 0 errors, 1 left on base; Chicago 2 - Toronto 1 |
| TOP OF THE 4TH |
|
Chicago White Sox batting - Pitching for Toronto Blue Jays : LHP Thomas Linnert
|
|
Batting: RHB Tim Teufel
|
0-0: Called Strike 0-1: Swinging Strike 0-2: Ball 1-2: Foul Ball, location: 2F 1-2: Foul Ball, location: 2F 1-2: Ball 2-2: Fly out, F8 (Flyball, 8RS, EV 88.8 MPH)
|
|
Batting: LHB Ryan MacFarland
|
0-0: Foul Ball, location: 2F 0-1: Fly out, F5 (Flyball, 56D, EV 88.8 MPH)
|
|
Batting: RHB Jose Castro
|
0-0: Called Strike 0-1: Foul Ball, location: 2F 0-2: Strikes out swinging
|
| Top of the 4th over - 0 runs, 0 hits, 0 errors, 0 left on base; Chicago 2 - Toronto 1 |
| BOTTOM OF THE 4TH |
|
Toronto Blue Jays batting - Pitching for Chicago White Sox : LHP Douglas Nelson
|
|
Batting: RHB Juan Monasterio
|
0-0: Ball 1-0: Swinging Strike 1-1: Ball 2-1: Ground out 6-3 (Groundball, 6M, EV 106.3 MPH)
|
|
Batting: RHB Andres Galarraga
|
0-0: Called Strike 0-1: Swinging Strike 0-2: Ball 1-2: SINGLE (Line Drive, 3D, EV 101.3 MPH)
|
|
Batting: RHB Hubie Brooks
|
0-0: Fly out, F8 (Flyball, 8RXD, EV 109.4 MPH)
|
|
Batting: RHB Cal Ripken
|
0-0: DOUBLE (Line Drive, 8RXD, EV 105.0 MPH) Andres Galarraga to third Runner from 3rd tries for Home, SAFE, no throw by CF
|
|
Batting: RHB Fritzie Connally
|
0-0: Called Strike 0-1: Fly out, F8 (Flyball, 8RXD, EV 97.5 MPH)
|
| Bottom of the 4th over - 1 run, 2 hits, 0 errors, 1 left on base; Chicago 2 - Toronto 2 |
| TOP OF THE 5TH |
|
Chicago White Sox batting - Pitching for Toronto Blue Jays : LHP Thomas Linnert
|
|
Batting: RHB Brian Harper
|
0-0: Ball 1-0: Foul Ball, location: 2F 1-1: SINGLE (Line Drive, 8RS, EV 95.6 MPH)
|
|
Batting: SHB Ozzie Smith
|
0-0: Bunt missed! 0-1: Ball 1-1: Ball 2-1: Ball 3-1: Bunted foul 3-2: Base on Balls Brian Harper to second
|
|
Batting: LHB Rudy Law
|
0-0: Swinging Strike 0-1: Ball 1-1: Foul Ball, location: 2F 1-2: Ball 2-2: Foul Ball, location: 2F 2-2: Foul Ball, location: 2F 2-2: Foul Ball, location: 2F 2-2: Strikes out swinging
|
|
Batting: RHB Steve Henderson
|
0-0: Ball 1-0: Called Strike 1-1: Ball 2-1: Foul Ball, location: 2F 2-2: Ball 3-2: Base on Balls Brian Harper to third Ozzie Smith to second
|
|
Batting: RHB Jim Wynn
|
0-0: Ball 1-0: Ball 2-0: Fly out, F2 (Popup, 13S, EV 87.5 MPH)
|
|
Batting: SHB Dwayne Taggart
|
0-0: Ball 1-0: Ball 2-0: Foul Ball, location: 2F 2-1: Foul Ball, location: 2F 2-2: Foul Ball, location: 2F 2-2: Foul Ball, location: 2F 2-2: Foul Ball, location: 2F 2-2: Ground out 5-3 (Groundball, 56S, EV 85.6 MPH)
|
| Top of the 5th over - 0 runs, 1 hit, 0 errors, 3 left on base; Chicago 2 - Toronto 2 |
| BOTTOM OF THE 5TH |
|
Toronto Blue Jays batting - Pitching for Chicago White Sox : LHP Douglas Nelson
|
|
Batting: RHB Jose Carrillo
|
0-0: Ball 1-0: Ball 2-0: Ball 3-0: Called Strike 3-1: Foul Ball, location: 2F 3-2: Foul Ball, location: 2F 3-2: Base on Balls
|
|
Batting: LHB Milt Thompson
|
0-0: Ball 1-0: Bunt missed! Pickoff Throw to First - Out! 1-3 1-1: Ball 2-1: Ball 3-1: Called Strike 3-2: Strikes out swinging
|
|
Batting: RHB Jose Gonzalez
|
0-0: Fly out, F3 (Popup, 3S, EV 73.1 MPH)
|
| Bottom of the 5th over - 0 runs, 0 hits, 0 errors, 0 left on base; Chicago 2 - Toronto 2 |
| TOP OF THE 6TH |
|
Chicago White Sox batting - Pitching for Toronto Blue Jays : LHP Thomas Linnert
|
|
Batting: RHB Tim Teufel
|
0-0: Called Strike 0-1: Foul Ball, location: 2F 0-2: Ball 1-2: Strikes out looking
|
|
Batting: LHB Ryan MacFarland
|
0-0: SINGLE (Flyball, 8RS, EV 90.6 MPH)
|
|
Batting: RHB Jose Castro
|
0-0: Ball 1-0: Called Strike 1-1: Grounds into double play, 5-4-3 (Groundball, 56, EV 81.3 MPH)
|
| Top of the 6th over - 0 runs, 1 hit, 0 errors, 0 left on base; Chicago 2 - Toronto 2 |
| BOTTOM OF THE 6TH |
|
Toronto Blue Jays batting - Pitching for Chicago White Sox : LHP Douglas Nelson
|
|
Batting: LHB Sheldon Mallory
|
0-0: Swinging Strike 0-1: Foul Ball, location: 2F 0-2: Ball 1-2: Foul Ball, location: 2F 1-2: Foul Ball, location: 2F 1-2: Ball 2-2: Ball 3-2: Fly out, F7 (Flyball, 7LM, EV 90.6 MPH)
|
|
Batting: RHB Juan Monasterio
|
0-0: Fly out, F9 (Flyball, 9LD, EV 105.6 MPH)
|
|
Batting: RHB Andres Galarraga
|
0-0: Ball 1-0: Ball 2-0: Ground out U3 (Groundball, 34, EV 103.8 MPH)
|
| Bottom of the 6th over - 0 runs, 0 hits, 0 errors, 0 left on base; Chicago 2 - Toronto 2 |
| TOP OF THE 7TH |
|
Chicago White Sox batting - Pitching for Toronto Blue Jays : LHP Thomas Linnert
|
|
Batting: RHB Brian Harper
|
0-0: Called Strike 0-1: Ball 1-1: Ball 2-1: Foul Ball, location: 2F 2-2: Ball 3-2: Base on Balls
|
|
Batting: SHB Ozzie Smith
|
0-0: Bunted foul 0-1: Bunted foul 0-2: Ball 1-2: Ball 2-2: Ball 3-2: Fly out, F9 (Line Drive, 9, EV 90.6 MPH)
|
|
Batting: LHB Rudy Law
|
0-0: Ball 1-0: Called Strike 1-1: Swinging Strike 1-2: Fly out, F8 (Flyball, 8RM, EV 85.0 MPH)
|
|
Batting: RHB Steve Henderson
|
0-0: Swinging Strike 0-1: Called Strike 0-2: Ground out 4-3 (Groundball, 34, EV 103.1 MPH)
|
| Top of the 7th over - 0 runs, 0 hits, 0 errors, 1 left on base; Chicago 2 - Toronto 2 |
| BOTTOM OF THE 7TH |
|
Toronto Blue Jays batting - Pitching for Chicago White Sox : LHP Douglas Nelson
|
|
Batting: RHB Hubie Brooks
|
0-0: Ball 1-0: Swinging Strike 1-1: Fly out, F5 (Flyball, 5D, EV 90.6 MPH)
|
|
Batting: RHB Cal Ripken
|
0-0: Ball 1-0: Ball 2-0: Fly out, F9 (Flyball, 89M, EV 83.1 MPH)
|
|
Batting: RHB Fritzie Connally
|
0-0: Ball 1-0: Called Strike 1-1: Ball 2-1: Foul Ball, location: 2F 2-2: Fly out, F8 (Flyball, 8LD, EV 107.5 MPH)
|
| Bottom of the 7th over - 0 runs, 0 hits, 0 errors, 0 left on base; Chicago 2 - Toronto 2 |
| TOP OF THE 8TH |
|
Chicago White Sox batting - Pitching for Toronto Blue Jays : LHP Thomas Linnert
|
|
Batting: RHB Jim Wynn
|
0-0: Called Strike 0-1: Swinging Strike 0-2: Foul Ball, location: 2F 0-2: Strikes out swinging
|
|
Batting: SHB Dwayne Taggart
|
0-0: SINGLE (Flyball, 9S, EV 85.6 MPH)
|
|
Batting: RHB Tim Teufel
|
0-0: Called Strike 0-1: Fly out, F7 (Flyball, 78S, EV 80.0 MPH)
|
|
Batting: LHB Ryan MacFarland
|
0-0: Ball Dwayne Taggart steals 2nd base (no throw) 1-0: Called Strike 1-1: Fly out, F8 (Flyball, 8LD, EV 103.8 MPH)
|
| Top of the 8th over - 0 runs, 1 hit, 0 errors, 1 left on base; Chicago 2 - Toronto 2 |
| BOTTOM OF THE 8TH |
|
Toronto Blue Jays batting - Pitching for Chicago White Sox : LHP Douglas Nelson
|
|
Batting: RHB Jose Carrillo
|
0-0: Foul Ball, location: 2F 0-1: Swinging Strike 0-2: Strikes out swinging
|
|
Pitching: RHP Dave Stewart
|
|
|
Batting: LHB Milt Thompson
|
0-0: DOUBLE (Groundball, 5L, EV 103.8 MPH)
|
|
Batting: RHB Jose Gonzalez
|
0-0: Foul Ball, location: 2F 0-1: Called Strike 0-2: Foul Ball, location: 2F 0-2: Ball 1-2: Strikes out swinging
|
|
Batting: LHB Sheldon Mallory
|
0-0: Called Strike 0-1: Foul Ball, location: 2F 0-2: Fly out, F7 (Flyball, 7D, EV 106.9 MPH)
|
| Bottom of the 8th over - 0 runs, 1 hit, 0 errors, 1 left on base; Chicago 2 - Toronto 2 |
| TOP OF THE 9TH |
|
Chicago White Sox batting - Pitching for Toronto Blue Jays : LHP Thomas Linnert
|
|
Batting: RHB Jose Castro
|
0-0: Ball 1-0: Called Strike 1-1: Swinging Strike 1-2: Ball 2-2: Ball 3-2: Strikes out looking
|
|
Batting: RHB Brian Harper
|
0-0: Called Strike 0-1: Called Strike 0-2: Ball 1-2: Foul Ball, location: 2F 1-2: Strikes out swinging
|
|
Batting: SHB Ozzie Smith
|
0-0: Called Strike 0-1: Swinging Strike 0-2: Ball 1-2: Ball 2-2: Ball 3-2: Ground out 6-3 (Groundball, 6D, EV 102.5 MPH)
|
| Top of the 9th over - 0 runs, 0 hits, 0 errors, 0 left on base; Chicago 2 - Toronto 2 |
| BOTTOM OF THE 9TH |
|
Toronto Blue Jays batting - Pitching for Chicago White Sox : RHP Dave Stewart
|
|
Batting: RHB Juan Monasterio
|
0-0: Swinging Strike 0-1: Fly out, F6 (Flyball, 6MD, EV 88.8 MPH)
|
|
Batting: RHB Andres Galarraga
|
0-0: Called Strike 0-1: Ball 1-1: Ground out 4-3 (Groundball, 4, EV 105.0 MPH)
|
|
Batting: RHB Hubie Brooks
|
0-0: Called Strike 0-1: Ball 1-1: SINGLE (Line Drive, 9S, EV 105.6 MPH)
|
|
Batting: RHB Cal Ripken
|
0-0: Foul Ball, location: 2F 0-1: Fielders Choice at 2nd, 6-4 (Groundball, 6, EV 84.4 MPH)
|
| Bottom of the 9th over - 0 runs, 1 hit, 0 errors, 1 left on base; Chicago 2 - Toronto 2 |
| TOP OF THE 10TH |
|
Chicago White Sox batting - Pitching for Toronto Blue Jays : LHP Thomas Linnert
|
|
Pitching: RHP Juan Gutierrez
|
|
|
Batting: LHB Rudy Law
|
0-0: Ball 1-0: Foul Ball, location: 2F 1-1: Ground out 5-3 (Groundball, 5, EV 98.1 MPH)
|
|
Batting: RHB Steve Henderson
|
0-0: Ball 1-0: Ball 2-0: Ball 3-0: SINGLE (Groundball, 56D, EV 102.5 MPH) (infield hit)
|
|
Pinch Hitting: LHB Mitchell Page
|
0-0: Ball 1-0: Ball 2-0: Ball 3-0: Foul Ball, location: 2F 3-1: Foul Ball, location: 2F 3-2: Foul Ball, location: 2F 3-2: Foul Ball, location: 2F 3-2: Strikes out swinging
|
|
Batting: SHB Dwayne Taggart
|
0-0: Ball Steve Henderson steals 2nd base 1-0: Called Strike 1-1: Swinging Strike 1-2: Ball 2-2: SINGLE (Line Drive, 7S, EV 94.4 MPH) Steve Henderson to third Runner from 3rd tries for Home, SAFE, throw by LF to home
|
|
Batting: RHB Tim Teufel
|
0-0: Fly out, F9 (Flyball, 9LM, EV 106.9 MPH)
|
| Top of the 10th over - 1 run, 2 hits, 0 errors, 1 left on base; Chicago 3 - Toronto 2 |
| BOTTOM OF THE 10TH |
|
Toronto Blue Jays batting - Pitching for Chicago White Sox : RHP Dave Stewart
|
|
Now in RF: Mitchell Page
|
|
|
Batting: RHB Fritzie Connally
|
0-0: Foul Ball, location: 2F 0-1: Ball 1-1: Ground out 6-3 (Groundball, 56D, EV 94.4 MPH)
|
|
Pinch Hitting: SHB Harold Reynolds
|
0-0: Called Strike 0-1: Ground out 4-3 (Groundball, 4S, EV 90.0 MPH)
|
|
Batting: LHB Milt Thompson
|
0-0: Ball 1-0: Foul Ball, location: 2F 1-1: Ball 2-1: Swinging Strike 2-2: Foul Ball, location: 2F 2-2: Ball 3-2: Ground out 4-3 (Groundball, 13, EV 85.6 MPH)
|
| Bottom of the 10th over - 0 runs, 0 hits, 0 errors, 0 left on base; Chicago 3 - Toronto 2 |
|